 Dungeon Crawl Stone Soup version 0.31-a0-818-ge7c7cf74f0 (webtiles) character file.

Game seed: 17906154917051534933

135 Kurtz the Chopper (level 5, 0/36 HPs)
             Began as an Octopode Fighter on Sept 22, 2023.
             Constricted to death by a ball python (1 damage)
             ... on level 3 of the Dungeon.
             The game lasted 00:03:51 (2836 turns).

Kurtz the Chopper (Octopode Fighter)                Turns: 2836, Time: 00:03:53

Health: 0/36       AC:  1    Str: 15    XL:     5   Next: 18%
Magic:  5/5        EV: 15    Int: 11    God:
Gold:   116        SH:  4    Dex: 13    Spells: 4/4 levels left

rFire   . . .        a - +0 war axe
rCold   . . .        b - +0 buckler
rNeg    . . .        (helmet restricted)
rPois   .            (no amulet)
rElec   .            m - +5 ring of evasion
rCorr   .            (no ring)
SInv    .            (no ring)
Will    .....        (no ring)
Stlth   ++           (no ring)
HPRegen 0.26/turn    (no ring)
MPRegen 0.09/turn    (no ring)
                     (no ring)

%: no passive effects
@: hasted, constricted, very quick
A: almost no armour, amphibious, 8 rings, camouflage 1, gelatinous body 1,
(nimble swimmer 1), tentacles
a: no special abilities


You were on level 3 of the Dungeon.
You visited 1 branch of the dungeon, and saw 3 of its levels.

You collected 138 gold pieces.
You spent 22 gold pieces at shops.

Inventory:

Hand Weapons
 a - a +0 war axe (weapon)
Missiles
 l - 10 poisoned darts
Armour
 b - a +0 buckler (worn)
Jewellery
 m - a +5 ring of evasion (left tentacle)
Talismans
 j - a flux talisman
 r - a serpent talisman
Scrolls
 d - 2 scrolls of teleportation {unknown}
 e - 2 scrolls of identify
 i - a scroll of enchant weapon {unknown}
 k - a scroll of silence {unknown}
 n - a scroll of fear {unknown}
 s - 2 scrolls of fog {unknown}
Potions
 c - a potion of might
 g - a potion of magic
 o - a potion of resistance {unknown}
 p - 2 potions of curing {unknown}
 q - a potion of enlightenment {unknown}


   Skills:
 - Level 3.0 Fighting
 * Level 5.2 Axes
 - Level 3.0 Dodging
 - Level 3.0 Shields


You had 4 spell levels left.
You didn't know any spells.
Your spell library contained the following spells:

 Spells                   Type           Power      Damage    Failure   Level
 Tukima's Dance           Hex            0%         N/A       80%         3
 Dimensional Bullseye     Hex/Tloc       0%         N/A       99%         4
 Iskenderun's Mystic Bla  Conj/Tloc      0%         2d3       99%         4


Dungeon Overview and Level Annotations

Branches:
Dungeon (3/15)

Altars:

Shops:
D:1 *

Annotations:
D:1 2 runed translucent doors
D:2 exclusion: downstairs


Innate Abilities, Weirdness & Mutations

You cannot wear most types of armour.
You are amphibious.
You can wear up to eight rings at the same time.
Your skin changes colour to match your surroundings (Stealth+).
Your rubbery body absorbs attacks. (AC +1, EV +1)
((You are camouflaged when in or above water. (Stealth+)))
You have tentacles for arms and can constrict up to eight enemies at once.


Message History

You hit the ball python.
You kill the ball python!
You barely miss the adder. You hit the kobold but do no damage.
You closely miss the hobgoblin.
You feel sick. You block the adder's attack. The hobgoblin misses you.
The kobold hits you with a +0 short sword.
The adder bites you. You block the ball python's attack.
The ball python grabs you. The ball python constricts you.
You block the kobold's attack. The hobgoblin hits you with a +0 mace!
* * * LOW HITPOINT WARNING * * *
You are too injured to fight recklessly!
Unknown command.
You are too injured to fight recklessly!
Unknown command.
You are too injured to fight recklessly!
It was a potion of magic.
Magic courses through your body.
You feel sick. The adder completely misses you. The ball python misses you.
The ball python constricts you. You block the hobgoblin's attack.
The kobold misses you.
It was a potion of heal wounds.
You feel much better.
You feel sick. You block the adder's attack.
The ball python bites you but does no damage.
The ball python constricts you. The adder misses you.
The hobgoblin hits you with a +0 mace. The kobold closely misses you.
You closely miss the adder. Your grab misses the adder.
You hit the ball python but do no damage.
You hit the kobold. You closely miss the hobgoblin.
You feel sick.
You are no longer poisoned.
You block the ball python's attack. The ball python constricts you.
The adder bites you. The hobgoblin closely misses you.
The kobold hits you with a +0 short sword.
* * * LOW HITPOINT WARNING * * *
It was a potion of haste.
You feel yourself speed up. The ball python barely misses you.
The ball python constricts you.
* * * LOW HITPOINT WARNING * * *
You block the adder's attack. You block the kobold's attack.
The hobgoblin hits you with a +0 mace!
* * * LOW HITPOINT WARNING * * *
The ball python misses you. The ball python constricts you.
You die...

#. ########### ..#
........... ...#
#####...## #...# #...#
#.... #...# ##!_.#
#...# #....S#######
#..)# #.K@#....#
###...# ##gS..##.#
#....## ##..###.#
#....# #..## #.#
#....# #... ##.##
#....# .....
#...###....###
.......#.#.#.#....#..
..>..................
........###...........


You could see an adder, a hobgoblin, a ball python and a kobold.

Vanquished Creatures
  A gnoll (D:1)
  5 adders
  6 dart slugs
  7 ball pythons
  7 endoplasms
  6 giant cockroaches
  9 goblins
  4 hobgoblins
  5 kobolds (D:1)
  4 bats
  3 frilled lizards (D:1)
  10 rats
67 creatures vanquished.

Notes
Turn   | Place    | Note
-------+----------+-------------------------------------------
     0 | D:1      | Kurtz the Octopode Fighter began the quest for the Orb.
     0 | D:1      | Reached XP level 1. HP: 16/16 MP: 1/1
    61 | D:1      | Found a large runed translucent door.
    61 | D:1      | Found a large runed translucent door.
    64 | D:1      | Noticed an orc wizard
    66 | D:1      | Reached XP level 2. HP: 17/21 MP: 2/2
    73 | D:1      | Noticed an orc warrior
   168 | D:1      | Reached skill level 3 in Axes
   173 | D:1      | Found Yver's General Store.
   180 | D:1      | Bought a scroll of identify for 22 gold pieces
   319 | D:1      | Reached XP level 3. HP: 26/26 MP: 3/3
   875 | D:1      | Reached skill level 4 in Axes
  1452 | D:2      | Reached XP level 4. HP: 30/31 MP: 4/4
  2545 | D:3      | Reached skill level 5 in Axes
  2658 | D:3      | Reached XP level 5. HP: 25/36 MP: 5/5
  2825 | D:3      | Found a faded altar of an unknown god.
  2836 | D:3      | HP: 1/36 [hobgoblin/+0 mace (7)]
  2836 | D:3      | Constricted to death by a ball python

Illustrated notes

Levels and vault maps discovered:
D:1:      erik_arrival_cave_to_civilisation [erik_arrival_cave_to_temple],
          layout_basic, serial_shops, nicolae_shop_pleasant_corner_grove
D:2:      layout_basic, nicolae_half_adder
D:3:      layout_basic, nicolae_ecumenical_snake_handling, roderic_roman_lattice

Skill      XL: |  1  2  3  4 |
---------------+-------------+-----
Axes           | 3 4 5 |  5.2
Fighting       | |  3.0
Dodging        | |  3.0
Shields        | |  3.0

Action                     |  1- 3 |  4- 6 || total
---------------------------+-------+-------++-------
  Melee: War axe           |    59 |    41 ||   100
         Constrict         |    14 |    14 ||    28
         Tentacles         |    12 |     6 ||    18
         Punch             |     1 |       ||     1
         Unarmed           |       |    12 ||    12
    Use: Potion            |       |     3 ||     3
   Stab: Sleeping          |    16 |     3 ||    19
 Armour: Skin              |    15 |    32 ||    47
  Dodge: Dodged            |    25 |    49 ||    74
  Block: Buckler           |     7 |    15 ||    22
         Form:             |       |     1 ||     1
         Flux              |       |     1 ||     1

Table legend: (Time is in decaauts)
 A = Elapsed time spent in this place.
 B = Non-inter-level travel time spent in this place.
 C = Inter-level travel time spent in this place.
 D = Time resting spent in this place.
 E = Time spent auto-exploring this place.
 F = Levels seen in this place.
 G = Mean time per level.
                   A        B        C        D        E       F      G
               +--------+--------+--------+--------+--------+-----+--------+
         Total |   2869 |   2740 |    129 |    171 |   2150 |   3 |  956.3 |
       Dungeon |   2869 |   2740 |    129 |    171 |   2150 |   3 |  956.3 |
               +--------+--------+--------+--------+--------+-----+--------+

Top non-repeatable levels by time:
     D:1: 1412 daAuts
     D:2: 1108 daAuts
     D:3: 349 daAuts
